cohdb
Replays
Latest Replays
All Replays
Popular Replays
Top Player Replays
Match Explorer
How It Works
Community
CoH3 Stats
Reddit
Sign in to upload your games and track your stats! →
Sign in with Steam
Match 29441881
Unlisted
Match 29441881
Overview
Messages
Build Orders
End
Kradschützen Motorcycle Team
Panzergrenadier Squad
250 Light Carrier
Construct Light Support Kompanie
Combat Half-tracks
Construct Mechanized Kompanie
Selects Armored Support Battlegroup
Selects Veteran Gunners
8 Rad Armored Car
Support Armor Elements
Emergency Repair Kits
Panzerjäger Mechanized Group
Vehicle Survival Package
Rapid Advance
Construct Panzerarmee Kommand
Selects Salvage Kits
Selects Panzer Storm
Panzer III L Medium Tank
Panzer III L Medium Tank
Panzer III L Medium Tank
Panzer Storm
Panzer III L Medium Tank
Advanced Optics
Panzer III L Medium Tank
⚓️Ruby⚓
HulkSMASH
aSIIFocus
aSIIAnthrax
0
0
Comments
sign in to comment!
No comments posted yet!